 Dungeon Crawl Stone Soup version 0.14-a0-736-g2a71271 (webtiles) character file.

230 Malachi the Insei (level 4, 0/35 HPs)
             Began as a Draconian Transmuter on Nov 7, 2013.
             Slain by an orc
             ... wielding a -1,+0 orcish hand axe
              (8 damage)
             ... on Level 3 of the Dungeon.
             The game lasted 00:03:36 (1931 turns).

Malachi the Insei (Draconian Transmuter)            Turns: 1931, Time: 00:03:36

HP   0/35        AC  2     Str 12      XL: 4   Next: 73%
MP   4/6         EV 20     Int 14      God:
Gold 111         SH  0     Dex 17      Spells:  3 memorised,  1 level left

Res.Fire  : . . .   See Invis. : .     - Unarmed
Res.Cold  : . . .   Warding    : .   (armour unavailable)
Life Prot.: . . .   Conserve   : .   (shield currently unavailable)
Res.Poison: x       Res.Corr.  : .   (helmet currently unavailable)
Res.Elec. : .       Clarity    : .   (cloak currently unavailable)
Sust.Abil.: . .     Spirit.Shd : .   (gloves currently unavailable)
Res.Mut.  : .       Stasis     : .   (boots currently unavailable)
Res.Rott. : .       Flight     : .   (no amulet)
Saprovore : . . .                    (no ring)
                                     (no ring)

@: spider-form (expiring), quick, slightly resistant to hostile enchantments,
unstealthy
A: unfitting armour, AC +5
a: End Transformation


You were on level 3 of the Dungeon.
You were not hungry.
You were in spider-form.
You visited 1 branch of the dungeon, and saw 3 of its levels.

You collected 111 gold pieces.

Inventory:

Missiles
 b - 12 arrows
 l - 16 poisoned arrows
Magical devices
 n - a wand of confusion (13)
Comestibles
 a - 2 bread rations
 m - 2 cheeses
 v - a rotting chunk of adder flesh
 w - 2 rotting chunks of orc flesh
Scrolls
 c - a scroll of fear {unknown}
 g - 2 scrolls of blinking {unknown}
 h - a scroll of enchant weapon I {unknown}
 i - 2 scrolls of identify {unknown}
 j - a scroll of magic mapping {unknown}
 p - a scroll of teleportation {unknown}
 q - 6 scrolls of remove curse {unknown}
 r - a scroll of recharging {unknown}
 s - a scroll of curse armour {unknown}
 u - a scroll of amnesia {unknown}
 x - a scroll of random uselessness {unknown}
Potions
 e - a potion of curing {unknown}
 f - a potion of agility {unknown}
 k - a potion of flight {unknown}
Books
 d - a book of Changes

   Spells                             Type                      Level
   *Beastly Appendage                 Transmutation                1
   *Sticks to Snakes                  Transmutation                2
   *Spider Form                       Transmutation/Poison         3
   Ice Form                           Ice/Transmutation            4
   Blade Hands                        Transmutation                5
 t - a book of Fire

   Spells                             Type                      Level
   Fire Brand                         Charms/Fire                  2
   Ignite Poison                      Fire/Transmutation           5
   Fireball                           Conjuration/Fire             5
   Bolt of Fire                       Conjuration/Fire             6
   Delayed Fireball                   Conjuration/Fire             7
   Ring of Flames                     Charms/Fire                  7


   Skills:
 + Level 1.3 Fighting
 + Level 2.8 Dodging
 * Level 4.4 Unarmed Combat
 - Level 2.0 Spellcasting
 * Level 2.3 Transmutations
 * Level 0.8 Poison Magic


You had one spell level left.
You knew the following spells:

 Your Spells              Type           Power        Failure   Level  Hunger
a - Beastly Appendage     Trmt           #.....       28%         1    ##.....
b - Sticks to Snakes      Trmt           #.........   36%         2    ###....
c - Spider Form           Trmt/Pois      #.........   61%         3    ####...


Dungeon Overview and Level Annotations

Branches:
Dungeon (3/27)

Altars:


Message History

You see here a club.
Your transformation is almost over.
The orc wizard barely misses you.
You see here a club.
Ouch! The orc wizard closely misses you.
Ouch!
The orc wizard gestures at you while chanting.
The puff of flame hits you!
One of your 7 scrolls labeled STRIRY NEAZXAIK catches fire!
Ouch! You closely miss the orc.
The orc wizard hits you with an orcish dagger.
Ouch!
The orc hits you with an orcish hand axe!
* * * LOW HITPOINT WARNING * * *
The orc wizard completely misses you.
Ouch! You feel less confused.
The orc hits you with an orcish hand axe!
You die...

#.##.#######.###.##.#
#... #.##.#
#.###.##.# ... #.##.#
#.##[..#.#######.#
#.##.#
#.##........)[...#
#.##.#
#.##...#....#####.
#.##.# #.#########.#
##.# #....# #.#
#.###.## #..###
#o#### ###.##.##
#so..# #...>..#
####.# #.#.##.## #
#.###.## #.# #..#
#.#. #.## #.# ..# ###


You could see an orc wizard and an orc.

Vanquished Creatures
  An orc priest (D:3)
  3 adders
  4 giant geckos
  2 oozes
  5 orcs (D:3)
  3 bats
  7 giant cockroaches
  5 hobgoblins
  6 jackals
  6 kobolds
  4 quokkas
  A ball python (D:3)
  5 giant newts
  2 goblins
  4 rats
58 creatures vanquished.

Notes
Turn   | Place    | Note
--------------------------------------------------------------
     0 | D:1      | Malachi, the Draconian Transmuter, began the quest for the Orb.
     0 | D:1      | Reached XP level 1. HP: 16/16 MP: 1/1
    82 | D:1      | Reached XP level 2. HP: 23/23 MP: 3/3
    99 | D:1      | Learned a level 2 spell: Sticks to Snakes
   786 | D:2      | Reached XP level 3. HP: 17/28 MP: 2/4
   808 | D:2      | Learned a level 3 spell: Spider Form
   940 | D:2      | Reached skill level 4 in Unarmed Combat
  1543 | D:3      | Reached XP level 4. HP: 17/35 MP: 1/6
  1931 | D:3      | Slain by an orc

Action                   |  1- 3 |  4- 6 || total
-------------------------+-------+-------++-------
Melee: Unarmed           |   178 |    33 ||   211
 Cast: Beastly Appendage |     8 |       ||     8
       Spider Form       |     1 |     1 ||     2
Evoke: Wand              |       |     1 ||     1
